y, chaotic male human Monk ------------ -------|<^^^^^^^..| |...|..|--------..| |.0....|..| |^-- --.--0.|>.-----|^| |..0.0--...|..|.| |.|..0.|......|.| |.0.|0....---.|.| |.....--..---.|.| ---...|.......|.| ---@|...--..|.| |.0...0||....| |.....-----..| ------- ---- y the Initiate Experience level: 6 Strength: 18 Dexterity: 13 Constitution: 10 Intelligence: 9 Wisdom: 15 Charisma: 10 Health: 45(45) Energy: 41(41) AC: 4 Gold: 354 Moves: 1507 Your Inventory: Coins $ - 354 gold pieces Armor a - an uncursed +2 pair of leather gloves (being worn) b - an uncursed +1 robe (being worn) j - an [uncursed] +0 pair of gauntlets of power Comestibles f - 8 uncursed food rations i - 7 uncursed fortune cookies o - 3 [uncursed] lembas wafers F - an [uncursed] tin [of spinach] Scrolls d - an uncursed scroll of scare monster n - an [uncursed] scroll labeled TEMOV [of remove curse] p - an [uncursed] scroll labeled VENZAR BORGAVVE [of enchant weapon] B - a [cursed] scroll labeled PRIRUTSENIE [of fire] D - a [cursed] scroll called earth [of earth] E - an [uncursed] scroll called earth [of earth] Spellbooks c - a blessed spellbook of protection l - an [uncursed] stapled spellbook [of sleep] Potions e - 4 uncursed potions of healing r - 2 [uncursed] yellow potions [of hallucination] C - an [uncursed] gooey potion [of restore ability] Tools t - an [uncursed] key [skeleton key] A - an [uncursed] drum [leather] Gems m - an [uncursed] yellow gem [worthless glass] s - an [uncursed] violet gem [worthless glass] Spells known in the end: Name Level Category Fail Memory a - protection 1 clerical 0% [||||||||] Your skills at the end: Fighting Skills martial arts [Basic / Grand Master] Weapon Skills Spellcasting Skills healing spells [Basic / Expert] Final Attributes: You were devoutly aligned. Hunger level was 333. Your alignment was 15 / 17. Monster difficulty range was 0 - 5. Level difficulty was 4. You were immune to sleep. You were immune to poison. You saw invisible. You were stealthy. You were fast. Your luck was zero. You survived. Vanquished creatures: a dog a dust vortex an orc shaman 2 enormous rats a homunculus a centipede 2 giant bats an iguana 4 killer bees an acid blob 2 gnome zombies 2 geckos a jackal a kobold 2 goblins 6 grid bugs a bat a lichen a kobold zombie a newt 33 creatures vanquished. Voluntary challenges: You were an atheist. You followed a strict vegan diet. You were illiterate. You never hit with a wielded weapon. You put on armor 4 times. You never genocided any monsters. You never polymorphed an object. You never changed form. You used no wishes. You never wrote Elbereth's name. You never encountered a bones level. You never used any Sokoban shortcuts. Dungeon overview: The Dungeons of Doom: levels 1 to 7 Level 1 an altar to Huan Ti a long staircase Level 2 a delicatessen Level 3 a general store, some fountains Level 4 a fountain Level 6 stairs to Sokoban Sokoban: levels 4 to 5 Level 4 <- You were here Level 5 a magic chest stairs to The Dungeons of Doom History has recorded: On T:1 you entered the Dungeons of Doom to retrieve the Amulet of Yendor! On T:211 you reached level 2 of The Dungeons of Doom. On T:325 you advanced to experience level 2. On T:361 you reached level 3 of The Dungeons of Doom. On T:491 you advanced to experience level 3. On T:633 you advanced to experience level 4. On T:705 you reached level 4 of The Dungeons of Doom. On T:718 you reached level 5 of The Dungeons of Doom. On T:747 you advanced to experience level 5. On T:788 you reached level 6 of The Dungeons of Doom. On T:810 you reached level 7 of The Dungeons of Doom. On T:835 you advanced to experience level 6. On T:1001 you reached level 3 of Sokoban. On T:1238 you reached level 2 of Sokoban. Latest messages: You are conscious again. [4 turns] Core dumped. Core dumped. You don't have that object. Never mind. Blecch! Rotten food! You feel rather light headed. You feel less confused now. With great effort you move the boulder. The boulder falls into and plugs a hole in the floor! With great effort you move the boulder. You see here a food ration. f - an uncursed food ration. With great effort you move the boulder. You cannot pass that way. With great effort you move the boulder. You try to move the boulder, but in vain. Final status: Punardarsanaya y the Monk... You quit in Sokoban on dungeon level 4 with 654 points, and 354 pieces of gold, after 1507 moves. You were level 6 with a maximum of 45 hit points when you quit.